 Dungeon Crawl Stone Soup version 0.29.1-15-g9cfb28693d (webtiles) character file.

Game seed: 2841804379508385846

181 hawla the Firebug (level 6, 0/47 HPs)
             Began as a Meteoran Fire Elementalist on Mar 9, 2023.
             Slain by an adder (4 damage)
             ... on level 4 of the Dungeon.
             The game lasted 00:03:37 (845 turns).

hawla the Firebug (Meteoran Fire Elementalist)       Turns: 845, Time: 00:03:37

Health: 0/47       AC:  2    Str:  9    XL:     6   Next: 15%
Magic:  13/13      EV: 13    Int: 19    God:
Gold:   85         SH:  0    Dex: 15    Spells: 11/14 levels left

rFire   . . .      SeeInvis .   (no weapon)
rCold   . . .      Faith    .   (no shield)
rNeg    + . .      Spirit   .   a - +0 robe
rPois   .          Reflect  .   (no helmet)
rElec   .          Harm     .   (no cloak)
rCorr   .          Rampage  .   (no gloves)
Will    .....                   (no boots)
Stlth   +.........              (no amulet)
HPRegen 0.15/turn               c - ring of positive energy
MPRegen 0.13/turn               (no ring)

@: lethally poisoned (0 -> -7), glowing
A: sense surroundings 1, otherworldly, glowing, explore regen
a: no special abilities


You were on level 4 of the Dungeon.
You visited 1 branch of the dungeon, and saw 4 of its levels.

You collected 85 gold pieces.

Inventory:

Armour
 a - a +0 robe (worn)
Jewellery
 c - a ring of positive energy (left hand)
Potions
 b - a potion of magic
 e - 2 potions of berserk rage {unknown}
 f - a potion of curing {unknown}
 g - a potion of cancellation


   Skills:
 + Level 1.2 Fighting
 + Level 3.0 Dodging
 - Level 1.4 Stealth
 + Level 4.5 Spellcasting
 + Level 2.8 Conjurations
 + Level 5.1 Fire Magic


You had 11 spell levels left.
You knew the following spells:

 Your Spells              Type           Power      Damage    Failure   Level
a - Foxfire               Conj/Fire      76%        2x1d7     2%          1
b - Scorch                Fire           46%        2d7       2%          2

Your spell library contained the following spells:

 Spells                   Type           Power      Damage    Failure   Level
 Magic Dart               Conj           60%        1d6       4%          1
 Searing Ray              Conj           30%        2d5       6%          2
 Conjure Flame            Conj/Fire      19%        6-21      8%          3
 Sting                    Tmut/Pois      16%        1d3       13%         1
 Summon Small Mammal      Summ           16%        N/A       13%         1
 Inner Flame              Hex/Fire       14%        N/A       14%         3
 Poisonous Vapours        Pois/Air       8%         N/A       21%         2
 Flame Wave               Conj/Fire      19%        2d7       26%         4
 Call Canine Familiar     Summ           4%         N/A       36%         3
 Summon Guardian Golem    Hex/Summ       4%         N/A       36%         3
 Fulminant Prism          Conj/Hex       4%         3d6       58%         4
 Olgreb's Toxic Radiance  Pois           4%         N/A       78%         4


Dungeon Overview and Level Annotations

Branches:
Dungeon (4/15) Zot: 1555
 Temple: D:4-7

Altars:
Gozag

Shops:
D:1 [


Innate Abilities, Weirdness & Mutations

You passively map a small area around you.
You are easily found by Zot.
You glow in the dark.
You regain HP and MP as you explore.


Message History

g - a potion of cancellation You feel sick.
You are no longer poisoned.
The adder misses you.
You aren't carrying any scrolls.
Unknown command.
You aren't carrying any scrolls.
It was a potion of ambrosia.
You are confused.
You feel invigorated. The adder bites you. The adder misses you.
Something hits you. The orc priest hits you with a +0 mace.
You're too confused to move!
The adder is no longer more vulnerable to fire.
The adder bites you. x2
You are poisoned.
The adder poisons you! Something hits you.
* * * LOW HITPOINT WARNING * * *
The orc priest closely misses you. The adder bites you but does no damage.
The adder barely misses you.
You're too confused to move!
You feel sick. The adder misses you. The adder barely misses you.
Something hits you.
* * * LOW HITPOINT WARNING * * *
The orc priest hits you with a +0 mace.
* * * LOW HITPOINT WARNING * * *
You miss the adder.
The adder is heavily wounded.
You feel less invigorated.
You feel less confused.
You feel sick. The adder bites you.
* * * LOW HITPOINT WARNING * * *
The adder misses you. Something hits you.
* * * LOW HITPOINT WARNING * * *
The adder attacks as you move away! The adder bites you but does no damage.
You feel sick. Something barely misses you.
Unknown command.
You open the door.
You feel sick. The adder bites you.
* * * LOW HITPOINT WARNING * * *
You are lethally poisoned!
The adder poisons you! The adder bites you.
You die...

#............#####.# #...[.# *
#.##.# **#.........# #.#.#.# ,
#.##.######..####### #.#.#.#
#.##.........## #.#.#.#
......#####...## #...#.# *
...##†# ##.....## ##.###.#
...##.###.......## ##..###.#####
....#.##......gS.####.......##...
.......'.....ooS@'...............
....#.##......o{.####...######.##
.#.##.###.......## *##..# #.#
.o....# ##.....## ....# #.#
S###### ##...## #.#### #.# ..#
##+## #. #.# #.# * # #.## #.# *
#... #o# * * ###.


You could see an orc priest, 2 adders, 2 orcs and a hobgoblin.

Vanquished Creatures
  An ogre (D:4)
  An orc priest (D:3)
  2 adders
  2 worms
  A dart slug (D:2)
  4 orcs (D:3)
  3 ball pythons
  2 bats
  4 endoplasms (D:2)
  2 giant cockroaches (D:2)
  5 goblins
  2 hobgoblins
  6 kobolds
  A quokka (D:2)
  A frilled lizard (D:1)
  3 rats
40 creatures vanquished.

Vanquished Creatures (others)
  78 foxfires
78 creatures vanquished.

Grand Total: 118 creatures vanquished

Notes
Turn   | Place    | Note
-------+----------+-------------------------------------------
     0 | D:1      | hawla the Meteoran Fire Elementalist began the quest for
                  | the Orb.
     0 | D:1      | Reached XP level 1. HP: 14/14 MP: 5/5
   119 | D:1      | Reached XP level 2. HP: 18/22 MP: 4/6
   200 | D:1      | Found Kongura's Antique Armour Emporium.
   207 | D:1      | Reached skill level 4 in Fire Magic
   259 | D:2      | Reached XP level 3. HP: 8/27 MP: 0/8
   309 | D:2      | Learned a level 2 spell: Scorch
   471 | D:2      | Found an opulent altar of Gozag.
   545 | D:2      | Reached XP level 4. HP: 34/34 MP: 7/9
   558 | D:3      | Reached skill level 1 in Fighting
   608 | D:3      | Reached XP level 5. HP: 40/40 MP: 7/11
   689 | D:4      | Noticed an ogre
   695 | D:4      | Killed an ogre
   696 | D:4      | Reached skill level 5 in Fire Magic
   696 | D:4      | Reached XP level 6. HP: 47/47 MP: 5/13
   845 | D:4      | Slain by an adder

Illustrated notes

Levels and vault maps discovered:
D:1:      dpeg_chamrin_arrival_tetris, layout_basic, serial_shops, shop,
          shapermc_ecumenical_altar_mp_urbaneastern, dk_noncrumbling_2
D:2:      layout_loops_ring, basic_altar
D:3:      layout_basic, nicolae_overflow_hallway_of_the_gods,
          minmay_box_of_dots, uniq_sigmund
D:4:      layout_loops_corners, beargit_hepliaklqana_dungeon_heroes,
          uniq_blork_the_orc

Skill      XL: |  1  2  3  4  5 |
---------------+----------------+-----
Fire Magic     | 4 5 |  5.1
Spellcasting   | 3 4 |  4.5
Conjurations   | 2 |  2.8
Fighting       | 1 |  1.2
Dodging        | 3 |  3.0
Stealth        | |  1.4

Action                   |  1- 3 |  4- 6 || total
-------------------------+-------+-------++-------
Melee: Unarmed           |    16 |     3 ||    19
 Cast: Foxfire           |    32 |    16 ||    48
       Scorch            |     5 |    13 ||    18
  Use: Scroll            |       |     1 ||     1
       Potion            |       |     1 ||     1
Armor: Robe              |     4 |     5 ||     9
Dodge: Dodged            |     7 |    21 ||    28
